 Dungeon Crawl Stone Soup version 0.27.1-34-g3ba077fa99 (webtiles) character file.

Game seed: 6265852471325348802

366 Sharkman1231 the Grave Robber (level 6, -2/45 (46) HPs)
             Began as a Demonspawn Necromancer on Jan 18, 2022.
             Slain by a black bear (11 damage)
             ... on level 4 of the Dungeon.
             The game lasted 00:04:27 (5990 turns).

Sharkman1231 the Grave Robber (DsNe)                Turns: 5990, Time: 00:04:27

HP:   -2/45 (46)    AC:  5    Str: 10    XL:     6   Next: 40%
MP:   1/9           EV: 13    Int: 16    God:
Gold: 158           SH:  4    Dex: 14    Spells: 5/9 levels left

rFire    . . .     SeeInvis +   a - +0 trident
rCold    . . .     Faith    .   (no shield)
rNeg     . . .     Spirit   .   c - +0 robe
rPois    .         Reflect  .   (helmet unavailable)
rElec    .         Harm     .   (no cloak)
rCorr    .         Rampage  .   i - +0 pair of gloves
Will     +....                  (no boots)
Stlth    ++........             (no amulet)
HPRegen  0.15/turn              q - ring of willpower
MPRegen  0.11/turn              t - ring of wizardry

@: lightly drained
A: antennae 3, thin metallic scales 1, condensation shield
a: no special abilities


You were on level 4 of the Dungeon.
You visited 1 branch of the dungeon, and saw 5 of its levels.

You collected 158 gold pieces.

Inventory:

Hand Weapons
 a - a +0 trident (weapon)
 e - a +0 whip
Armour
 c - a +0 robe (worn)
 i - a +0 pair of gloves (worn)
 n - +0 ice dragon scales
Magical Staves
 l - a staff of poison
Jewellery
 q - a ring of willpower (left hand)
 t - a ring of wizardry (right hand)
Wands
 p - a wand of iceblast (5)
Scrolls
 d - a scroll of torment
 f - a scroll of noise {unknown}
 g - a scroll of blinking {unknown}
 k - 2 scrolls of enchant armour {unknown}
 m - a scroll of identify {unknown}
 o - a scroll of brand weapon {unknown}
Potions
 b - 2 potions of attraction {unknown}
 h - a potion of degeneration {unknown}
 j - 4 potions of curing {unknown}
 r - a potion of berserk rage {unknown}
 s - a potion of lignification {unknown}


   Skills:
 + Level 2.7 Fighting
 + Level 2.2 Polearms
 + Level 3.1 Dodging
 - Level 1.7 Stealth
 - Level 2.0 Spellcasting
 * Level 6.4 Necromancy


You had 5 spell levels left.
You knew the following spells:

 Your Spells              Type           Power      Damage    Failure   Level
a - Pain                  Necr           88%        1d8       1%          1
b - Vampiric Draining     Necr           11%        2d7       1%          3

Your spell library contained the following spells:

 Spells                   Type           Power      Damage    Failure   Level
 Animate Skeleton         Necr           44%        N/A       1%          1
 Animate Dead             Necr           11%        N/A       6%          4
 Agony                    Necr           22%        N/A       16%         5


Dungeon Overview and Level Annotations

Branches:
Dungeon (5/15)
 Temple: D:4-7

Altars:


Innate Abilities, Weirdness & Mutations

You have a pair of large antennae on your head. (SInv)
You are partially covered in thin metallic scales. (AC +2)
A meltable shield of frost defends you. (SH +4)


Message History

You draw life force from the black bear.
You feel life coursing into your body. The black bear misses you.
The black bear claws you.
The black bear claws you but does no damage.
You closely miss the black bear.
The black bear is severely wounded.
The black bear barely misses you. The black bear claws you.
The black bear closely misses you.
You hit the black bear.
The black bear is severely wounded.
The black bear goes berserk!
Casting: Vampiric Draining (safe; 1% risk of failure)
Confirm with . or Enter, or press ? or * to list all spells.
Aiming: Vampiric Draining (safe; 1% risk of failure)
Press: ? - help, Shift-Dir - straight line, f/p - black bear
Aim: a black bear (severely wounded, berserk)
You draw life force from the black bear!
You feel life coursing into your body. The black bear misses you. x2
The black bear claws you but does no damage.
The black bear closely misses you. You block the black bear's attack.
The black bear claws you.
Unknown command.
Casting: Vampiric Draining (safe; 1% risk of failure)
Confirm with . or Enter, or press ? or * to list all spells.
Aiming: Pain (safe; 1% risk of failure)
Press: ? - help, Shift-Dir - straight line, f/p - black bear
Aim: a black bear (almost dead, berserk, chance to affect: 81%)
The black bear writhes in agony.
You block the black bear's attack. The black bear claws you.
* * * LOW HITPOINT WARNING * * *
The black bear barely misses you. You block the black bear's attack.
The black bear closely misses you. The black bear claws you.
* * * LOW HITPOINT WARNING * * *
Unknown command.
Okay, then.
Unknown command.
The black bear rages.
The black bear bites you!
You die...

#.# ####. #.# ######.# #.#
###......# #.# ##...####.#
#.########.....# ##.
#.##.....(.....#####
#.##...###.........[
#.h......##.........
#..@................
#........###........
############>.#...#####(.......
###.................##
#.........
....<................#
##...#....
.##.######.###.#####.#
##.#####. .##.#### #.###.## #.#
### #. .......#
#......####.##### #. .#####.#
#####...........# #.


You could see a black bear (berserk).

Vanquished Creatures
  3 scorpions (D:4)
  An iguana (D:4)
  An orc wizard (D:3)
  A killer bee zombie (D:5)
  A hound skeleton (D:4)
  4 adders
  A worm (D:3)
  2 dart slugs (D:4)
  6 orcs
  5 endoplasms
  2 giant cockroaches (D:1)
  5 hobgoblins
  3 quokkas
  5 ball pythons
  5 bats
  2 frilled lizards
  6 goblins
  9 kobolds
  6 rats
68 creatures vanquished.

Notes
Turn   | Place    | Note
-------+----------+-------------------------------------------
     0 | D:1      | Sharkman1231 the Demonspawn Necromancer began the quest for
                  | the Orb.
     0 | D:1      | Reached XP level 1. HP: 13/13 MP: 3/3
   622 | D:1      | Gained mutation: You have a pair of small antennae on your
                  | head. [demonic ancestry]
   622 | D:1      | Reached XP level 2. HP: 19/20 MP: 3/5
  1647 | D:2      | Reached skill level 1 in Fighting
  1672 | D:2      | Found a faded altar of an unknown god.
  1732 | D:2      | Gained mutation: You have a pair of antennae on your head.
                  | [demonic ancestry]
  1732 | D:2      | Reached XP level 3. HP: 14/26 MP: 1/6
  1733 | D:2      | Reached skill level 5 in Necromancy
  2672 | D:3      | Reached skill level 1 in Polearms
  2672 | D:3      | Gained mutation: You are partially covered in thin metallic
                  | scales. (AC +2) [demonic ancestry]
  2672 | D:3      | Reached XP level 4. HP: 17/32 MP: 1/7
  4594 | D:4      | Gained mutation: You have a pair of large antennae on your
                  | head. (SInv) [demonic ancestry]
  4594 | D:4      | Reached XP level 5. HP: 16/38 MP: 0/8
  4937 | D:4      | Reached skill level 6 in Necromancy
  5131 | D:4      | Gained mutation: A meltable shield of frost defends you.
                  | (SH +4) [demonic ancestry]
  5131 | D:4      | Reached XP level 6. HP: 44/46 MP: 6/9
  5730 | D:4      | Learned a level 3 spell: Vampiric Draining
  5743 | D:5      | Entered Level 5 of the Dungeon
  5990 | D:4      | Slain by a black bear

Illustrated notes

Levels and vault maps discovered:
D:1:      ebering_trefoil_3fold, layout_basic,
          hangedman_abyss_or_decor_lesser_grid, kennysheep_boxes
D:2:      layout_rooms, shapermc_ecumenical_altar_acropolis,
          minmay_fountain_box, kennysheep_donut, kennysheep_big_empty_room
D:3:      layout_basic, minmay_fractal_squares_gapless_5
D:4:      layout_loops_ring
D:5:      layout_basic, st_stairs_10, grunt_ministairs_6

Skill      XL: |  1  2  3  4  5  6 |
---------------+-------------------+-----
Dodging        | 2 3 |  3.1
Fighting       | 1 2 |  2.7
Necromancy     | 5 6 |  6.4
Polearms       | 1 2 |  2.2
Stealth        | |  1.7
Spellcasting   | |  2.0

Action                   |  1- 3 |  4- 6 || total
-------------------------+-------+-------++-------
Melee: Unarmed           |    20 |       ||    20
       Whip              |     2 |       ||     2
       Trident           |    37 |    37 ||    74
 Cast: Pain              |    48 |    90 ||   138
       Vampiric Draining |       |     2 ||     2
  Use: Scroll            |       |     1 ||     1
 Stab: Sleeping          |     2 |     1 ||     3
Armor: Robe              |    14 |    25 ||    39
Dodge: Dodged            |    45 |    58 ||   103
Block: Other             |       |    11 ||    11
